 Dungeon Crawl Stone Soup version 0.17.0-23-g0de4337 (webtiles) character file.

111 JudasIscariot the Shield-Bearer (level 4, -4/29 HPs)
             Began as a Gargoyle Fighter on Nov 13, 2015.
             Slain by kosy22's ghost (10 damage)
             ... on level 3 of the Dungeon.
             The game lasted 00:06:51 (2102 turns).

JudasIscariot the Shield-Bearer (Gargoyle Fighter)  Turns: 2102, Time: 00:06:51

Health: -4/29      AC: 15    Str: 21    XL:     4   Next: 92%
Magic:  0/4        EV:  7    Int:  8    God:
Gold:   138        SH:  9    Dex:  9    Spells: 0 memorised, 3 levels left

rFire  . . .     SeeInvis .     r - +1 whip (freeze)
rCold  . . .     Clarity  .     b - +0 scale mail
rNeg   + . .     SustAt   .     c - +0 shield
rPois  ∞         Gourm    .     l - +0 helmet
rElec  +         Spirit   +     B - +0 cloak (curse)
rCorr  .         Warding  .     q - +0 pair of gloves
rMut   .         Stasis   .     u - +0 pair of boots
MR     .....                    y - amulet of guardian spirit
Stlth  ..........               (no ring)
                                (no ring)

@: not resistant to hostile enchantments, extremely unstealthy
A: negative energy resistance 1, electricity resistance, unbreathing,
petrification resistance, rot immunity, AC +3
a: no special abilities


You were on level 3 of the Dungeon.
You were not hungry.

You visited 1 branch of the dungeon, and saw 3 of its levels.

You collected 138 gold pieces.

Inventory:

Hand Weapons
 a - a +0 flail
 r - a +1 whip of freezing (weapon)
Armour
 b - a +0 scale mail (worn)
 c - a +0 shield (worn)
 l - a +0 helmet (worn)
 q - a +0 pair of gloves (worn)
 u - a +0 pair of boots (worn)
 B - a cursed +0 cloak (worn)
Jewellery
 y - an amulet of guardian spirit (around neck)
Scrolls
 g - 3 scrolls of amnesia {unknown}
 h - 6 scrolls of identify {unknown}
 j - a scroll of remove curse
 k - 2 scrolls of recharging {unknown}
 n - 2 scrolls of immolation {unknown}
 o - 2 scrolls of fear {unknown}
 A - 2 scrolls of noise {unknown}
Potions
 d - a potion of might
 f - a potion of ambrosia {unknown}
 i - 2 potions of haste {unknown}
 m - a potion of agility {unknown}
 s - a potion of magic {unknown}
 v - a potion of poison {unknown}
 w - a potion of flight {unknown}
 z - a potion of mutation {unknown}
Comestibles
 e - 2 bread rations
 p - 3 chunks of flesh
 t - a meat ration
 x - a beef jerky
 C - a slice of pizza


   Skills:
 * Level 4.1 Fighting
 * Level 2.4 Maces & Flails
 * Level 4.0 Armour
 * Level 4.6 Shields


You had 3 spell levels left.
You didn't know any spells.

Dungeon Overview and Level Annotations

Branches:
Dungeon (3/15)

Altars:

Annotations:
D:3 kosy22's ghost, amateur TrBe


Innate Abilities, Weirdness & Mutations

You are resistant to torment.
Your stone body is resilient (AC +3).
You are immune to poison.
You resist negative energy.
You are resistant to electric shocks.
You can survive without breathing.
You are immune to petrification.
You are immune to rotting.


Message History

Kosy22's ghost hits you.
You hit kosy22's ghost. You freeze kosy22's ghost.
Kosy22's ghost is heavily damaged.
Kosy22's ghost hits you but does no damage.
You hit kosy22's ghost. You freeze kosy22's ghost.
Kosy22's ghost is heavily damaged.
Kosy22's ghost hits you!
* * * LOW HITPOINT WARNING * * *
You block kosy22's ghost's attack.
You hit kosy22's ghost. You freeze kosy22's ghost.
Kosy22's ghost is severely damaged.
Kosy22's ghost hits you but does no damage.
You hit kosy22's ghost. You freeze kosy22's ghost.
Kosy22's ghost is severely damaged.
Kosy22's ghost hits you.
* * * LOW HITPOINT WARNING * * *
You hit kosy22's ghost. You freeze kosy22's ghost.
Kosy22's ghost is almost destroyed.
Kosy22's ghost hits you!
You die...

####..).....#...#........#
#......).#..#..##>#... #
#........##........... #
####..........[#.........
#
##........................
#
......#.....#.####........
#
.........................!
##..########..####....<...
#### ####.##.@Ww.......
#.......##........
##########........
#.....>.. #########


You could see a worm and kosy22's ghost.

Vanquished Creatures
  4 adders (D:2)
  2 worms (D:2)
  2 giant geckos
  5 giant cockroaches (D:2)
  4 goblins
  6 hobgoblins
  7 jackals
  11 kobolds
  2 ball pythons
  8 bats
  3 giant newts
  11 rats
65 creatures vanquished.

Notes
Turn   | Place    | Note
--------------------------------------------------------------
     0 | D:1      | JudasIscariot the Gargoyle Fighter began the quest for the Orb.
     0 | D:1      | Reached XP level 1. HP: 14/14 MP: 1/1
    96 | D:1      | Reached XP level 2. HP: 17/19 MP: 2/2
   786 | D:1      | Reached XP level 3. HP: 24/24 MP: 3/3
   880 | D:2      | Found a faded altar to an unknown god.
   997 | D:2      | Reached skill level 4 in Shields
  1350 | D:2      | Reached XP level 4. HP: 26/29 MP: 4/4
  2079 | D:3      | Noticed kosy22's ghost (amateur TrBe)
  2102 | D:3      | Slain by kosy22's ghost

Action                   |  1- 3 |  4- 6 || total
-------------------------+-------+-------++-------
Melee: Flail             |    77 |       ||    77
       Whip              |    65 |   121 ||   186
  Use: Scroll            |       |     1 ||     1
  Eat: Chunk             |     2 |     2 ||     4
